 Dungeon Crawl Stone Soup version 0.30.0-19-g36f170ea60 (webtiles) character file.

Game seed: 2667020855219366270

260 tizbic2 the Ogre Mage (level 6, -6/59 HPs)
             Began as an Ogre Transmuter on May 30, 2023.
             Was an Initiate of Ru.
             Mangled by an ogre
             ... wielding a +0 giant club
              (8 damage)
             ... on level 4 of the Dungeon.
             The game lasted 00:13:11 (3219 turns).

tizbic2 the Ogre Mage (Ogre Transmuter)             Turns: 3219, Time: 00:13:12

Health: -6/59      AC:  4    Str: 17    XL:     6   Next: 17%
Magic:  11/11      EV: 10    Int: 14    God:    Ru [......]
Gold:   166        SH:  0    Dex:  9    Spells: 8/11 levels left

rFire   . . .        i - +2 mace (drain)
rCold   . . .        (no shield)
rNeg    . . .        o - +0 robe
rPois   .            e - +1 hat
rElec   .            (no cloak)
rCorr   .            (gloves unavailable)
SInv    .            (boots unavailable)
Will    .....        (no amulet)
Stlth   +            (no ring)
HPRegen 0.29/turn    (no ring)
MPRegen 0.12/turn

%: no passive effects
@: no status effects
A: large, unfitting armour, tough skin 1
a: Renounce Religion


You were on level 4 of the Dungeon.
You worshipped Ru.
Ru was noncommittal.
You visited 1 branch of the dungeon, and saw 4 of its levels.

You collected 166 gold pieces.

Inventory:

Hand Weapons
 i - a +2 mace of draining (weapon)
 j - a +0 dagger of venom
Missiles
 c - 29 stones
 u - 2 throwing nets
Armour
 e - a +1 hat (worn)
 o - a +0 robe (worn)
Wands
 n - a wand of light (10)
 r - a wand of roots (7)
Scrolls
 a - 2 scrolls of enchant armour {unknown}
 g - 7 scrolls of teleportation
 k - a scroll of immolation {unknown}
 m - 2 scrolls of noise
 s - a scroll of butterflies {unknown}
 t - a scroll of poison {unknown}
Potions
 b - 2 potions of lignification
 d - a potion of heal wounds {unknown}
 f - a potion of might
 h - a potion of magic {unknown}
 l - a potion of invisibility {unknown}
 p - a potion of attraction {unknown}
 q - a potion of mutation {unknown}


   Skills:
 + Level 2.8 Fighting
 * Level 2.8 Maces & Flails
 + Level 2.7 Dodging
 - Level 3.0 Unarmed Combat
 + Level 3.3 Spellcasting
 + Level 1.0 Summonings
 + Level 2.6 Transmutations


You had 8 spell levels left.
You knew the following spells:

 Your Spells              Type           Power      Damage    Failure   Level
a - Beastly Appendage     Tmut           18%        N/A       7%          1
b - Wereblood             Tmut           9%         N/A       11%         2

Your spell library contained the following spells:

 Spells                   Type           Power      Damage    Failure   Level
 Summon Small Mammal      Summ           20%        N/A       14%         1
 Spider Form              Tmut/Pois      6%         N/A       34%         3
 Call Canine Familiar     Summ           5%         N/A       38%         3
 Summon Guardian Golem    Hex/Summ       3%         N/A       45%         3
 Ice Form                 Ice/Tmut       6%         N/A       75%         4


Dungeon Overview and Level Annotations

Branches:
Dungeon (4/15)
 Temple: D:4-7

Altars:
Ru
Uskayaw
Xom


Innate Abilities, Weirdness & Mutations

You are too large for most types of armour.
You have tough skin. (AC +1)


Message History

Your damage rating with your +2 mace of draining is about 16 (Base 8 x 117% (Str) x 110% (Skill) + 6 (Ench + Slay)).
Unknown command.
You start resting.
Your primal bloodlust has ended.
You start resting.
Magic restored.
Okay, then.
Found a ring mail.
Found a stone staircase leading up.
An ogre comes into view. It is wielding a +0 giant club.
Found an onyx ring.
You hit the ogre. You drain the ogre.
The ogre is moderately wounded.
The ogre hits you with a +0 giant club!
You barely miss the ogre.
The ogre is moderately wounded.
The ogre hits you with a +0 giant club!!
* * * LOW HITPOINT WARNING * * *
You completely miss the ogre.
The ogre is moderately wounded.
The ogre closely misses you.
You completely miss the ogre.
The ogre is moderately wounded.
The ogre barely misses you.
You hit the ogre.
The ogre is heavily wounded.
You hit the ogre.
The ogre is heavily wounded.
The ogre hits you with a +0 giant club!
* * * LOW HITPOINT WARNING * * *
You thump the ogre!
The ogre is almost dead.
The ogre hits you with a +0 giant club!
* * * LOW HITPOINT WARNING * * *
You barely miss the ogre.
The ogre is almost dead.
The ogre completely misses you.
You hit the ogre.
The ogre is almost dead.
The ogre hits you with a +0 giant club!
You die...

###.# ##.#
#.#############
#...###.#.#
#....
######.###.#
###### ##)##
#.#....# #)##
#...=. ##.##
##<#...
#..###.##.##.##
#.#.#....[.....
#.##.#.@...#.#
#.####.#O#.#
#.# #.....# #.#
#.#.#... #.#
#.......# #.
###.###... .#
#... ..# .#
#... ... .. #.#


You could see an ogre (drained).

Vanquished Creatures
  An orc priest (D:4)
  Jessica (D:2)
  An iguana (D:4)
  4 gnolls (D:4)
  4 adders
  2 dart slugs
  4 orcs (D:4)
  12 ball pythons
  5 bats
  7 endoplasms
  2 giant cockroaches (D:2)
  6 hobgoblins
  5 jackals (D:3)
  5 quokkas
  4 frilled lizards
  9 goblins
  4 kobolds
  4 rats
80 creatures vanquished.

Vanquished Creatures (others)
  An orc wizard (D:4)
1 creature vanquished.

Grand Total: 81 creatures vanquished

Notes
Turn   | Place    | Note
-------+----------+-------------------------------------------
     0 | D:1      | tizbic2 the Ogre Transmuter began the quest for the Orb.
     0 | D:1      | Reached XP level 1. HP: 19/19 MP: 3/3
   278 | D:1      | Reached XP level 2. HP: 21/27 MP: 3/5
   426 | D:1      | Reached skill level 1 in Maces & Flails
   587 | D:1      | Learned a level 2 spell: Wereblood
   699 | D:1      | Reached XP level 3. HP: 35/35 MP: 3/6
  1040 | D:2      | Found a shimmering altar of Xom.
  1134 | D:2      | Reached XP level 4. HP: 42/42 MP: 6/8
  1318 | D:2      | Noticed Jessica
  1325 | D:2      | Killed Jessica
  2136 | D:3      | Reached XP level 5. HP: 50/50 MP: 6/9
  2395 | D:3      | Found a sacrificial altar of Ru.
  2395 | D:3      | Found a hide-covered altar of Uskayaw.
  2408 | D:3      | Became a worshipper of Ru the Awakened
  3181 | D:4      | Reached XP level 6. HP: 51/59 MP: 8/10
  3186 | D:4      | Reached skill level 1 in Summonings
  3217 | D:4      | HP: 1/59 [ogre/+0 giant club (8)]
  3219 | D:4      | Mangled by an ogre

Illustrated notes

Levels and vault maps discovered:
D:1:      dpeg_arrival_castle, layout_loops_corners
D:2:      layout_loops_corners, basic_altar, uniq_jessica
D:3:      layout_loops_ring, gammafunk_temple_overflow_wave, serial_bayou,
          serial_bayou_lake_a, serial_bayou_pond_a, serial_bayou_ford_a,
          serial_bayou_pond_a
D:4:      layout_loops_ring, nicolae_tso_carved_into_rock,
          serial_co_window_serial, co_window_corner_a, co_window_paths_a,
          co_window_corner_a, co_window_paths_a, co_window_paths_b,
          co_window_of_opportunity_b, co_window_broadway_a, co_window_corner_b,
          glass_columns_a, glass_columns_a, glass_columns_b

Skill      XL: |  1  2  3  4  5  6 |
---------------+-------------------+-----
Transmutations | 2 |  2.6
Maces & Flails | 1 2 |  2.8
Dodging        | 2 |  2.7
Fighting       | 2 |  2.8
Unarmed Combat | 3 |  3.0
Spellcasting   | 3 |  3.3
Summonings     | 1 |  1.0

Action                     |  1- 3 |  4- 6 || total
---------------------------+-------+-------++-------
  Melee: Unarmed           |    14 |       ||    14
         Club              |    39 |       ||    39
         Kick              |     9 |     1 ||    10
         Headbutt          |     6 |       ||     6
         Mace              |    17 |    93 ||   110
         Dagger            |    25 |    57 ||    82
         Punch             |     1 |       ||     1
   Cast: Beastly Appendage |    17 |     5 ||    22
         Wereblood         |     2 |     5 ||     7
    Use: Scroll            |     2 |     7 ||     9
   Stab: Sleeping          |     2 |       ||     2
 Armour: Robe              |    33 |    31 ||    64
  Dodge: Dodged            |    64 |    72 ||   136
